 Dungeon Crawl Stone Soup version 0.29.1-15-g9cfb28693d (webtiles) character file.

Game seed: 17299814246119803021

140 nightchill the Chopper (level 5, 0/48 HPs)
             Began as a Hill Orc Fighter on Mar 3, 2023.
             Slain by an iguana (2 damage)
             ... on level 5 of the Dungeon.
             The game lasted 00:03:37 (2682 turns).

nightchill the Chopper (Hill Orc Fighter)           Turns: 2682, Time: 00:03:37

Health: 0/48       AC:  8    Str: 21    XL:     5   Next: 22%
Magic:  5/5        EV:  9    Int:  8    God:
Gold:   194        SH:  9    Dex: 10    Spells: 4/4 levels left

rFire   . . .      SeeInvis .   a - +0 war axe
rCold   . . .      Faith    .   c - +0 buckler
rNeg    . . .      Spirit   .   b - +0 scale mail
rPois   .          Reflect  +   (no helmet)
rElec   .          Harm     .   (no cloak)
rCorr   .          Rampage  .   y - +0 pair of gloves
Will    .....                   (no boots)
Stlth   ..........              s - amulet of reflection
HPRegen 0.16/turn               (no ring)
MPRegen 0.09/turn               (no ring)

@: mighty
A: no striking features
a: no special abilities


You were on level 5 of the Dungeon.
You visited 1 branch of the dungeon, and saw 5 of its levels.

You collected 194 gold pieces.

Inventory:

Hand Weapons
 a - a +0 war axe (weapon)
Missiles
 l - 4 javelins (quivered)
Armour
 b - a +0 scale mail (worn)
 c - a +0 buckler (worn)
 k - a +0 tower shield
 y - a +0 pair of gloves (worn)
Jewellery
 s - an amulet of reflection (around neck)
Scrolls
 e - a scroll of noise {unknown}
 h - a scroll of magic mapping
 i - 2 scrolls of immolation
 j - a scroll of teleportation {unknown}
 n - a scroll of identify {unknown}
 p - a scroll of fog {unknown}
 v - a scroll of torment {unknown}
 w - a scroll of amnesia {unknown}
 x - a scroll of enchant armour {unknown}
Potions
 f - 2 potions of degeneration {unknown}
 g - a potion of ambrosia {unknown}
 m - 3 potions of heal wounds {unknown}
 o - 6 potions of curing {unknown}
 q - 2 potions of flight {unknown}
 r - a potion of berserk rage {unknown}
 t - a potion of magic {unknown}
 u - a potion of brilliance {unknown}


   Skills:
 + Level 5.0 Fighting
 * Level 5.8 Axes
 - Level 3.2 Armour
 - Level 3.2 Shields


You had 4 spell levels left.
You didn't know any spells.
Your spell library contained the following spells:

 Spells                   Type           Power      Damage    Failure   Level
 Gell's Gravitas          Tloc           0%         N/A       99%         3
 Lesser Beckoning         Tloc           0%         N/A       99%         3
 Teleport Other           Tloc           0%         N/A       99%         3


Dungeon Overview and Level Annotations

Branches:
Dungeon (5/15)
 Temple: D:4-7

Altars:
Cheibriados
Gozag
Nemelex Xobeh


Message History

The centaur moves out of view.
The centaur shouts!
The iguana bites you but does no damage.
You closely miss the iguana.
An ice beast comes into view.
The iguana bites you.
You barely miss the iguana. The iguana barely misses you.
You hit the iguana.
The iguana is lightly wounded.
You block the iguana's attack.
The centaur wields a +0 shortbow.
The centaur shoots an arrow.
The arrow hits you. The iguana bites you! The iguana attacks as you move away!
The iguana closely misses you.
The centaur shoots an arrow.
The arrow barely misses you.
The centaur shoots an arrow.
You reflect the arrow off an invisible shield around you!
The arrow hits the centaur.
You feel very mighty all of a sudden.
The centaur shoots an arrow.
The arrow hits you!
* * * LOW HITPOINT WARNING * * *
The centaur shoots an arrow.
The arrow hits you.
* * * LOW HITPOINT WARNING * * *
The iguana bites you!
* * * LOW HITPOINT WARNING * * *
You closely miss the iguana.
The iguana is lightly wounded.
The iguana bites you!
* * * LOW HITPOINT WARNING * * *
You hit the iguana.
The iguana is lightly wounded.
The iguana barely misses you.
You barely miss the iguana.
The iguana is lightly wounded.
You slash the ice beast! The ice beast closely misses you.
The iguana bites you.
* * * LOW HITPOINT WARNING * * *
You barely miss the iguana.
The iguana is lightly wounded.
You slash the ice beast! You block the ice beast's attack.
The iguana bites you.
You die...

####........
#+########......##+##
#........#......+...#
#........'......#.. #
.###...##......#.# #
######+###...#....#'##.###
#............#....#....'..
+......clY...#....#....#..
#.......#@...#....#...###.
#####'#.######....#...###.
........# #....#.......
........# #.......
........# #.......
........# ########
........# ........#
........#


You could see an ice beast, a centaur and an iguana.

Vanquished Creatures
  An iguana (D:3)
  2 adders
  A worm (D:2)
  3 dart slugs (D:1)
  3 ball pythons
  7 bats
  11 endoplasms
  A giant cockroach (D:1)
  6 goblins
  8 hobgoblins
  8 quokkas
  8 frilled lizards
  2 kobolds
  27 rats
88 creatures vanquished.

Vanquished Creatures (others)
  6 plants (D:1)
6 creatures vanquished.

Grand Total: 94 creatures vanquished

Notes
Turn   | Place    | Note
-------+----------+-------------------------------------------
     0 | D:1      | nightchill the Hill Orc Fighter began the quest for the
                  | Orb.
     0 | D:1      | Reached XP level 1. HP: 19/19 MP: 1/1
   109 | D:1      | Reached XP level 2. HP: 26/27 MP: 2/2
   383 | D:1      | Reached XP level 3. HP: 29/33 MP: 3/3
  1052 | D:2      | Reached XP level 4. HP: 38/41 MP: 4/4
  1558 | D:2      | Found a snail-covered altar of Cheibriados.
  1599 | D:2      | Reached skill level 5 in Axes
  2011 | D:3      | Reached XP level 5. HP: 47/47 MP: 5/5
  2201 | D:3      | Found a sparkling altar of Nemelex Xobeh.
  2310 | D:3      | Found an opulent altar of Gozag.
  2372 | D:3      | Reached skill level 5 in Fighting
  2593 | D:5      | Entered Level 5 of the Dungeon
  2669 | D:5      | Noticed a centaur
  2672 | D:5      | Noticed an ice beast
  2681 | D:5      | HP: 2/48 [iguana (2)]
  2682 | D:5      | Slain by an iguana

Illustrated notes

Levels and vault maps discovered:
D:1:      amcnicky_arrival_abandoned_market, layout_basic,
          nicolae_concentric_dashed_squares_mild, serial_bayou_pond_c,
          serial_bayou_crossing
D:2:      layout_basic, basic_altar, kennysheep_generic_room_6
D:3:      layout_basic, mainiacjoe_overflow_six_doors_small,
          grunt_gozag_statues, minmay_rat_hole
D:4:      layout_basic
D:5:      layout_gridville, minmay_temple_entry_slanted

Skill      XL: |  1  2  3  4  5 |
---------------+----------------+-----
Axes           | 3 4 5 |  5.8
Fighting       | 4 5 |  5.0
Armour         | |  3.2
Shields        | |  3.2

Action                   |  1- 3 |  4- 6 || total
-------------------------+-------+-------++-------
Melee: War axe           |    85 |   109 ||   194
  Use: Scroll            |       |     2 ||     2
       Potion            |       |     1 ||     1
Armor: Scale mail        |    36 |    44 ||    80
Dodge: Dodged            |    31 |    54 ||    85
Block: Buckler           |    16 |    46 ||    62
       Reflection        |       |     3 ||     3
